AoeStats
← Old School

Nomad

509532839Analyzed
4v4 RM · 6d ago on Sep 27, 2026· 54m 13s· 8 players
Game mode
Random Map
Map size
231×231
Population
200
Speed
Normal
Resources
Standard
Victory
Conquest
Starting age
Dark Age
Ending age
Imperial Age
RankedLock teamsTeams togetherTeam positionsShared explorationLock speedFull tech treeHidden civsTurbo modeCheats
Victory
Defeat
🇺🇸 Wu · United States
895
+11
🇺🇸 Byzantines · United States
762
+16
🇺🇸 Franks · United States
756
+17
🇺🇸 Italians · United States
702
+19
🇨🇳 Chinese · China
826
-18
🇮🇩 Lithuanians · Indonesia
769
-16
🇺🇸 Mongols · United States
766
-15
🇲🇽 Britons · Mexico
735
-14
Renga Revenge
12:39 Loom
17:57 Feudal Age
19:18 Fishing Lines
20:45 Double-Bit Axe
20:43 Horse Collar
26:36 Castle Age
30:04 Bow Saw
30:51 Heavy Plow
31:22 Forging
31:18 Scale Barding Armor
32:44 Iron Casting
35:39 Chain Barding Armor
37:11 Wheelbarrow
38:34 Hand Cart
39:37 Murder Holes
40:03 Ballistics
42:40 Imperial Age
40:12 Gold Mining
40:12 Stone Mining
41:46 Gold Shaft Mining
41:27 Husbandry
42:56 Cavalier
44:33 Crop Rotation
46:46 Plate Barding Armor
48:37 Two-Man Saw
48:12 Padded Archer Armor
48:03 Fletching
48:06 Crossbowman
48:52 Thumb Ring
48:48 Arbalester
50:49 Paladin
Mouse
3:29 Loom
14:15 Feudal Age
21:51 Castle Age
30:15 Scale Barding Armor
30:21 Forging
33:47 Chain Barding Armor
34:53 Gold Mining
35:45 Town Watch
36:53 Wheelbarrow
38:57 Imperial Age
36:58 Horse Collar
37:57 Iron Casting
37:23 Scale Mail Armor
40:49 Hand Cart
41:04 Chain Mail Armor
41:49 Blast Furnace
45:08 Plate Mail Armor
47:08 Padded Archer Armor
Wolfgamepayne
4:51 Loom
16:18 Feudal Age
17:40 Wheelbarrow
17:06 Double-Bit Axe
17:10 Town Watch
21:37 Gold Mining
24:33 Stone Mining
28:05 Castle Age
28:49 Caravan
29:41 Gold Shaft Mining
29:18 Bow Saw
29:26 Hand Cart
31:33 Town Patrol
37:47 Imperial Age
36:32 Murder Holes
41:08 Pikeman
44:06 Conscription
43:50 Chivalry
43:29 Cavalier
47:06 Chemistry
50:21 Halberdier
51:11 Husbandry
51:41 Ballistics
52:22 Siphons
52:45 Scale Barding Armor
52:40 Scale Mail Armor
52:51 Forging
54:13 Ordonnance Companies
Old School
4:09 Loom
15:42 Feudal Age
21:24 Fishing Lines
22:07 Gold Mining
25:57 Castle Age
24:37 Stone Mining
26:48 Medium Warships
26:31 Gillnets
27:59 Stone Shaft Mining
29:38 Double-Bit Axe
30:49 Bow Saw
30:34 Fletching
30:45 Padded Archer Armor
30:56 Thumb Ring
32:09 Husbandry
32:19 Bloodlines
34:58 Murder Holes
35:24 Ballistics
35:36 Silk Road
45:03 Imperial Age
42:32 Bodkin Arrow
45:09 Elite Genoese Crossbowman
46:10 Conscription
47:49 Bracer
48:06 Leather Archer Armor
47:43 Treadmill Crane
48:20 Masonry
52:39 Caravan
isai.car.mtz
6:41 Loom
15:15 Feudal Age
18:08 Double-Bit Axe
19:52 Horse Collar
22:24 Town Watch
25:12 Castle Age
27:19 Husbandry
27:30 Bloodlines
27:28 Thumb Ring
27:34 Scale Barding Armor
27:22 Fletching
28:21 Padded Archer Armor
29:46 Heavy Plow
29:59 Bow Saw
30:36 Light Cavalry
33:35 Medium Warships
35:48 Wheelbarrow
35:08 Gold Mining
36:33 Demolition Ship
39:06 Hand Cart
39:29 Gold Shaft Mining
40:48 Ballistics
40:35 Siphons
44:13 Imperial Age
44:56 Heavy Camel Rider
44:59 Elite Mangudai
46:39 Conscription
47:53 Chain Barding Armor
47:44 Forging
47:30 Bodkin Arrow
51:44 Hussar
54:00 Iron Casting
53:26 Bracer
53:41 Leather Archer Armor
53:28 Scale Mail Armor
La Morte Noire
MoNoKrom
13:22 Feudal Age
11:39 Loom
16:47 Fishing Lines
21:10 Castle Age
20:12 Horse Collar
23:15 Wheelbarrow
23:44 Gillnets
27:16 Town Watch
28:14 Double-Bit Axe
28:23 Gold Mining
29:23 Stone Mining
29:46 Bow Saw
29:59 Hand Cart
31:02 Stone Shaft Mining
32:41 Hill Forts
33:47 Scale Barding Armor
33:53 Forging
33:22 Pikeman
34:02 Squires
36:37 Chain Barding Armor
38:24 Fortified Wall
38:35 Ballistics
38:11 Murder Holes
38:21 Scale Mail Armor
39:13 Guard Tower
41:17 Man-at-Arms
44:54 Imperial Age
43:11 Long Swordsman
47:18 Plate Barding Armor
47:19 Iron Casting
47:00 Chain Mail Armor
46:24 Capped Ram
46:27 Halberdier
48:14 Elite Leitis
48:46 Two-Handed Swordsman
49:58 Champion
51:36 Elite Skirmisher
gysrj777098
13:30 Loom
Connection lost

Rejoining the realm…

Still unreachable

The connection could not be restored.

Session expired

The server has moved on; the page needs a fresh start.